 Dungeon Crawl Stone Soup version 0.15-a0-1866-g491fd59 (webtiles) character file.

102 PolkaDot the Chopper (level 4, -5/39 HPs)
             Began as a Hill Orc Fighter on July 4, 2014.
             Slain by WhatIsLove's ghost (14 damage)
             ... on Level 3 of the Dungeon.
             The game lasted 00:03:42 (1356 turns).

PolkaDot the Chopper (Hill Orc Fighter)             Turns: 1356, Time: 00:03:42

HP  -5/39        AC  8     Str 18      XL: 4   Next: 78%
MP   4/4         EV  6     Int  8      God:
Gold 142         SH  9     Dex 11      Spells:  0 memorised,  3 levels left

rFire  . . .     SeeInvis +     a - +0 war axe
rCold  . . .     Clarity  .     b - +0 scale mail
rNeg   . . .     rCorr    .     c - +0 shield
rPois  .         rRot     .     (no helmet)
rElec  .         Spirit   .     (no cloak)
SustAb .         Warding  .     l - +0 pair of gloves
rMut   .         Stasis   .     (no boots)
Gourm  .                        (no amulet)
MR     .....                    (no ring)
                                v - ring of see invisible

@: not resistant to hostile enchantments, extremely unstealthy
A: no striking features
a: no special abilities


You were on level 3 of the Dungeon.
You were not hungry.

You visited 1 branch of the dungeon, and saw 3 of its levels.

You collected 142 gold pieces.

Inventory:

Hand weapons
 a - a +0 war axe (weapon)
Armour
 b - a +0 scale mail (worn)
 c - a +0 shield (worn)
 l - a +0 pair of gloves (worn)
Comestibles
 d - 2 meat rations
 n - a rotting chunk of jackal flesh {@w1}
 s - a chunk of hobgoblin flesh {@w1}
Scrolls
 f - a scroll of recharging {unknown}
 g - a scroll of enchant armour {unknown}
 i - 4 scrolls of remove curse {unknown}
 j - a scroll of teleportation {unknown}
 o - a scroll of immolation {unknown}
 p - a scroll of random uselessness {unknown}
 y - a scroll of enchant weapon {unknown}
Jewellery
 v - a ring of see invisible (left hand)
Potions
 e - 2 potions of might
 h - a potion of curing {unknown}
 k - a potion of magic {unknown}
 m - 2 potions of brilliance {unknown}
 q - a potion of haste {unknown}
 w - 2 potions of agility {unknown}


   Skills:
 - Level 3.6 Fighting
 + Level 6.4 Axes
 - Level 3.2 Armour
 - Level 3.2 Shields


You had 3 spell levels left.
You didn't know any spells.

Dungeon Overview and Level Annotations

Branches:
Dungeon (3/15)

Altars:

Annotations:
D:3 WhatIsLove's ghost, average FoFi


Message History

You block WhatIsLove's ghost's attack.
You hit WhatIsLove's ghost.
WhatIsLove's ghost is lightly damaged.
WhatIsLove's ghost completely misses you.
You block WhatIsLove's ghost's attack.
You hit WhatIsLove's ghost.
WhatIsLove's ghost is lightly damaged.
WhatIsLove's ghost hits you but does no damage.
You slash WhatIsLove's ghost!
WhatIsLove's ghost is heavily damaged.
WhatIsLove's ghost barely misses you.
You hit WhatIsLove's ghost.
WhatIsLove's ghost is heavily damaged.
WhatIsLove's ghost hits you!
You hit WhatIsLove's ghost but do no damage.
WhatIsLove's ghost is heavily damaged.
WhatIsLove's ghost hits you.
* * * LOW HITPOINT WARNING * * *
WhatIsLove's ghost hits you!
You die...

.#
#.#.#.#........#########
.8 #+#.#.#........# ##
.#........# #...)....#
#........# #........#
#........# ###.#+####
#@# ..######W#
.........# .........#
........# ........#
........# .......#
.....?.


You could see WhatIsLove's ghost.

Vanquished Creatures
  2 adders
  5 worms (D:2)
  An orc (D:3)
  A ball python (D:2)
  7 bats
  3 giant cockroaches
  5 hobgoblins
  6 jackals
  A quokka (D:2)
  2 giant geckos
  5 goblins
  6 kobolds
  10 rats
  3 toadstools (D:1)
57 creatures vanquished.

Vanquished Creatures (others)
  2 toadstools (D:1)
2 creatures vanquished.

Grand Total: 59 creatures vanquished

Notes
Turn   | Place    | Note
--------------------------------------------------------------
     0 | D:1      | PolkaDot, the Hill Orc Fighter, began the quest for the Orb.
     0 | D:1      | Reached XP level 1. HP: 19/19 MP: 1/1
   100 | D:1      | Reached XP level 2. HP: 26/26 MP: 2/2
   257 | D:1      | Reached skill level 4 in Axes
   553 | D:2      | Reached XP level 3. HP: 29/31 MP: 3/3
   674 | D:2      | Reached skill level 5 in Axes
   798 | D:2      | Reached XP level 4. HP: 25/39 MP: 4/4
  1103 | D:2      | Reached skill level 6 in Axes
  1342 | D:3      | Noticed WhatIsLove's ghost (average FoFi)
  1356 | D:3      | Slain by WhatIsLove's ghost

Action                   |  1- 3 |  4- 6 || total
-------------------------+-------+-------++-------
Melee: War axe           |   116 |    55 ||   171
